AoeStats
← El Sullan

Arabia

509962725Analyzed
1v1 RM · 5d ago on Sep 28, 2026· 28m 15s· 2 players
Game mode
Random Map
Map size
Tiny (2 player)
Population
200
Speed
Normal
Resources
Standard
Victory
Conquest
Starting age
Dark Age
Ending age
Imperial Age
RankedLock teamsTeams togetherTeam positionsShared explorationLock speedFull tech treeHidden civsTurbo modeCheats
Victory
Defeat
🇳🇱 Varangians · Netherlands
644
+16
🇵🇹 Ethiopians · Portugal
641
-30
m4[R]c0.jPg
15:26 Feudal Age
16:46 Wheelbarrow
16:00 Double-Bit Axe
15:59 Horse Collar
24:17 Castle Age
22:44 Gold Mining
26:39 Squires
El Sullan
7:49 Loom
10:15 Feudal Age
8:34 Loom
11:15 Double-Bit Axe
16:08 Bloodlines
21:32 Castle Age
20:36 Stone Mining
20:38 Gold Mining
21:44 Forging
22:28 Bow Saw
22:04 Horse Collar
23:55 Arson
Connection lost

Rejoining the realm…

Still unreachable

The connection could not be restored.

Session expired

The server has moved on; the page needs a fresh start.